 Dungeon Crawl Stone Soup version 0.24-a0-446-g87df720 (webtiles) character file.

Game seed: 4567031858359789959

48 r3xj the Skirmisher (level 3, -8/30 HPs)
             Began as a Barachi Fighter on June 23, 2019.
             Killed by nerve-wracking pain
             ... invoked by a shadow imp
             ... summoned by Natasha
              (10 damage)
             ... on level 2 of the Dungeon.
             The game lasted 00:01:24 (753 turns).

r3xj the Skirmisher (Barachi Fighter)                Turns: 753, Time: 00:01:24

Health: -8/30      AC:  8    Str: 18    XL:     3   Next: 72%
Magic:  3/3        EV:  7    Int:  8    God:
Gold:   93         SH:  9    Dex: 11    Spells: 2/2 levels left

rFire    + . .     SeeInvis .   a - +0 flail
rCold    . . .     Gourm    .   c - +0 shield
rNeg     . . .     Faith    .   b - +0 scale mail
rPois    .         Spirit   .   n - +0 helmet
rElec    .         Reflect  .   (no cloak)
rCorr    .         Harm     .   (no gloves)
MR       .....                  (no boots)
Stlth    ..........             (no amulet)
HPRegen  0.10/turn              e - ring of protection from fire
MPRegen  0.08/turn              (no ring)

@: slow
A: +LOS, swims, slowness 1, strong legs 1
a: Hop


You were on level 2 of the Dungeon.
You were not hungry.

You visited 1 branch of the dungeon, and saw 2 of its levels.

You collected 93 gold pieces.

Inventory:

Hand Weapons
 a - a +0 flail (weapon)
Armour
 b - a +0 scale mail (worn)
 c - a +0 shield (worn)
 n - a +0 helmet (worn)
Jewellery
 e - a ring of protection from fire (left hand)
Scrolls
 i - 2 scrolls of enchant armour {unknown}
 j - a scroll of remove curse {unknown}
 k - a scroll of identify {unknown}
 l - a scroll of blinking {unknown}
 m - a scroll of amnesia {unknown}
 o - a scroll of magic mapping {unknown}
Potions
 d - a potion of might
 h - a potion of curing {unknown}
Comestibles
 f - 2 rations
 g - 2 chunks of flesh


   Skills:
 + Level 4.1 Fighting
 * Level 3.2 Maces & Flails
 + Level 4.0 Armour
 + Level 3.7 Shields


You had 2 spell levels left.
You didn't know any spells.
Your spell library was empty.

Dungeon Overview and Level Annotations

Branches:
Dungeon (2/15)

Altars:

Annotations:
D:2 Natasha


Innate Abilities, Weirdness & Mutations

Shadows flee at your approach. (+LOS)
You can swim through water.
You cover ground slowly.
You can hop short distances.


Message History

You are too injured to fight recklessly!
You are too injured to fight recklessly!
You are too injured to fight recklessly!
You are too injured to fight recklessly!
You hit the white imp.
The white imp is almost dead.
The white imp gestures at you. The puff of frost misses you.
The crimson imp spits at you. The white imp gestures at you.
You block the puff of frost.
Your shield and scale mail prevent you from hitting the white imp.
The white imp is almost dead.
The white imp gestures at you. The puff of frost hits you!
* * * LOW HITPOINT WARNING * * *
The white imp disappears in a puff of smoke!
The shadow imp gestures at you. Pain shoots through your body!
You die...

##..## ##..............
...... ##...........^...
...... #................
....... #......>.........
....... #..÷.†...........
.......##......÷.........
........#.)..............
........#5#..<...........
........@..............!.
.......##§##.#######.?###
...... #.5...# .## #####
...h...# ## ..>......#
#....$......
.............
>..$..........
#..............


You could see Natasha, a crimson imp and a shadow imp.

Vanquished Creatures
  An ooze (D:2)
  3 dart slugs (D:1)
  A leopard gecko (D:1)
  5 bats
  5 hobgoblins (D:1)
  8 kobolds
  2 ball pythons
  5 frilled lizards
  2 goblins (D:1)
  5 rats
37 creatures vanquished.

Notes
Turn   | Place    | Note
-------+----------+-------------------------------------------
     0 | D:1      | r3xj the Barachi Fighter began the quest for the Orb.
     0 | D:1      | Reached XP level 1. HP: 18/18 MP: 1/1
    77 | D:1      | Reached XP level 2. HP: 25/25 MP: 2/2
   326 | D:1      | Reached XP level 3. HP: 30/30 MP: 3/3
   725 | D:2      | Noticed Natasha
   753 | D:2      | Killed from afar by a shadow imp

Levels and vault maps discovered:
D:1:      saegor_arrival_miasma, layout_loops_ring, minmay_box_of_dots
D:2:      layout_rooms, uniq_crazy_yiuf_cottage, uniq_natasha, uniq_jessica

Skill      XL: |  1  2  3 |
---------------+----------+-----
Fighting       | 4 |  4.1
Maces & Flails | 3 |  3.2
Armour         | 4 |  4.0
Shields        | |  3.7

Action                   || total
-------------------------++-------
Melee: Flail             ||   133
Armor: Scale mail        ||    78
Dodge: Dodged            ||    71
Block: Shield            ||   101

Table legend:
 A = Non-vault XP
 B = Vault XP
 C = Vault XP percentage of total XP
 D = Non-vault monster count
 E = Vault monster count
 F = Vault count percentage of total count
                 A         B        C        D         E       F
            +---------+---------+-------+---------+---------+-------
      Total |      66 |       3 |   4.3 |      35 |       2 |   5.4
            +---------+---------+-------+---------+---------+-------
        D:1 |      49 |       3 |   5.8 |      27 |       2 |   6.9
        D:2 |      17 |       0 |   0.0 |       8 |       0 |   0.0
            +---------+---------+-------+---------+---------+-------
